 Seeded DCSS version 0.30-a0-168-g0b976cbdc4 (webtiles) character file.

Game seed: 58743695516 (custom seed)

84 Huetiris the Covered (level 4, -4/40 HPs)
             Began as a Minotaur Fighter on Sept 29, 2022.
             Slain by an ogre
             ... wielding a +0 giant club
              (8 damage)
             ... on level 4 of the Dungeon.
             The game lasted 00:22:17 (2338 turns).

Huetiris the Covered (Minotaur Fighter)             Turns: 2338, Time: 00:22:17

Health: -4/40      AC:  8    Str: 23    XL:     4   Next: 23%
Magic:  3/3        EV:  8    Int:  5    God:
Gold:   104        SH:  8    Dex:  9    Spells: 1/3 levels left

rFire   . . .      SeeInvis .    a - +1 war axe
rCold   . . .      Faith    .    n - +0 kite shield
rNeg    . . .      Spirit   .    b - +0 scale mail
rPois   .          Reflect  .    (helmet restricted)
rElec   .          Harm     .    (no cloak)
rCorr   .          Rampage  .    (no gloves)
Will    .....                    o - +0 pair of boots
Stlth   ..........               (no amulet)
HPRegen 0.13/turn                (no ring)
MPRegen 0.08/turn                (no ring)

@: no status effects
A: horns 2, retaliatory headbutt
a: no special abilities


You were on level 4 of the Dungeon.
You visited 1 branch of the dungeon, and saw 3 of its levels.

You collected 104 gold pieces.

Inventory:

Hand Weapons
 a - a +1 war axe (weapon)
 e - a +0 mace
Missiles
 h - 5 boomerangs of dispersal (quivered)
 m - 9 boomerangs
Armour
 b - a +0 scale mail (worn)
 c - a +0 buckler
 n - a +0 kite shield (worn)
 o - a +0 pair of boots (worn)
Scrolls
 p - a scroll of fear {unknown}
Potions
 d - 2 potions of might
 f - a potion of curing {unknown}
 g - a potion of magic {unknown}
 i - a potion of degeneration {unknown}
 j - a potion of brilliance {unknown}
 l - a potion of mutation {unknown}
 q - a potion of berserk rage {unknown}


   Skills:
 + Level 4.2 Fighting
 + Level 3.7 Axes
 + Level 4.3 Armour
 + Level 1.0 Dodging
 + Level 4.0 Shields


You had one spell level left.
You knew the following spells:

 Your Spells              Type           Power      Damage    Failure   Level
a - Summon Small Mammal   Summ           0%         N/A       98%         1
b - Necrotise             Necr           0%         1d4       98%         1

Your spell library contained the following spells:

 Spells                   Type           Power      Damage    Failure   Level
 Apportation              Tloc           0%         N/A       98%         1
 Tukima's Dance           Hex            0%         N/A       100%        3
 Passage of Golubria      Tloc           0%         N/A       100%        4
 Yara's Violent Unravell  Hex/Tmut       0%         3d3       100%        5


Dungeon Overview and Level Annotations

Branches:
Dungeon (2/15)

Altars:

Annotations:
D:4 Eustachio


Innate Abilities, Weirdness & Mutations

You have a pair of horns on your head.
You reflexively headbutt those who attack you in melee.


Message History

There is a shaft here.
You fall into a shaft and drop 2 floors!
The shaft crumbles and collapses.
Found a scale mail.
You see here a +0 scale mail.
Eustachio the Magnificent comes into view.
He is wielding a +0 vorpal falchion and wearing a +1 leather armour of fire resistance.
Eustachio shouts!
Eustachio drinks a potion.
Eustachio flickers and vanishes!
Deactivating autopickup; reactivate with Ctrl-A.
The iron imp shouts, "Quit, thou horrid onion-eyed mish-mash!"
An ogre comes into view. It is wielding a +0 giant club.
You hear some strange, mumbled words.
The ogre shouts!
You slash the iron imp! Your headbutt misses the iron imp.
The iron imp is heavily wounded.
You hit something but do no damage. Something hits you.
The iron imp hits you but does no damage.
You hit the iron imp.
You headbutt the iron imp, but do no damage.
The iron imp is severely wounded.
You miss something. Something hits you. The iron imp hits you.
You hit the iron imp.
The iron imp is almost dead.
You closely miss something.
You hear some strange, mumbled words.
The iron imp hits you but does no damage.
Something hits you.
You hit the iron imp but do no damage.
The iron imp is almost dead.
You hit the ogre. You miss something.
The iron imp shouts, "Out, out, thou rank beef-witted gnoll-tail!"
The iron imp hits you. Something hits you but does no damage.
The ogre hits you with a +0 giant club!!
* * * LOW HITPOINT WARNING * * *
Something hits you but does no damage. The iron imp barely misses you.
You barely miss the iron imp.
The iron imp is almost dead.
You barely miss something. You slash the ogre!
The ogre hits you with a +0 giant club!
You die...

## ##. .5 #5
#.####{######
......5@....#
..####O####.#
#. #.# .. #.#
######
########.#####
#.....
.............#
#.####
.......#.###.#
#.# #
.#####.#.# #.#
#.# # #.#.#
#.# #.# #


You could see an ogre, an iron imp (summoned), a crimson imp (summoned) and an
ufetubus (summoned).

Vanquished Creatures
  3 adders (D:2)
  3 endoplasms
  2 giant cockroaches
  9 goblins
  4 hobgoblins
  11 jackals
  5 kobolds
  3 quokkas
  3 ball pythons
  2 bats
  A frilled lizard (D:2)
  3 rats
49 creatures vanquished.

Notes
Turn   | Place    | Note
-------+----------+-------------------------------------------
     0 | D:1      | Huetiris the Minotaur Fighter began the quest for the Orb.
     0 | D:1      | Reached XP level 1. HP: 19/19 MP: 0/0
   157 | D:1      | Reached XP level 2. HP: 23/27 MP: 1/1
   504 | D:1      | Found a faded altar of an unknown god.
  1461 | D:2      | Reached XP level 3. HP: 32/33 MP: 2/2
  1644 | D:2      | Reached XP level 4. HP: 40/40 MP: 3/3
  1728 | D:2      | Reached skill level 1 in Dodging
  1904 | D:2      | Learned a level 1 spell: Summon Small Mammal
  1906 | D:2      | Learned a level 1 spell: Necrotise
  2276 | D:2      | You fall into a shaft and drop 2 floors!
  2328 | D:4      | Noticed Eustachio
  2332 | D:4      | Noticed an ogre
  2338 | D:4      | Slain by an ogre

Illustrated notes

Levels and vault maps discovered:
D:1:      dpeg_arrival_morbid_curiosity, layout_basic, serial_forest,
          infiniplex_forest_clump_small, infiniplex_forest_clump_medium,
          infiniplex_forest_lined_2, infiniplex_forest_lined_room_3,
          hellmonk_ecumenical_altar_heavens_door
D:2:      layout_basic
D:4:      layout_loops_ring, minmay_temple_entry_offerings,
          gammafunk_ghost_abyssal_escape, uniq_blork_the_orc, uniq_grinder,
          uniq_eustachio

Skill      XL: |  1  2  3  4 |
---------------+-------------+-----
Shields        | 4 |  4.0
Armour         | 4 |  4.3
Axes           | 3 |  3.7
Fighting       | 4 |  4.2
Dodging        | 1 |  1.0

Action                   |  1- 3 |  4- 6 || total
-------------------------+-------+-------++-------
Melee: War axe           |    71 |    24 ||    95
       Headbutt          |    10 |     1 ||    11
  Use: Scroll            |       |     1 ||     1
Armor: Scale mail        |    52 |    20 ||    72
Dodge: Dodged            |    39 |     8 ||    47
Block: Buckler           |    17 |       ||    17
       Kite shield       |     2 |     8 ||    10

Table legend: (Time is in decaauts)
 A = Elapsed time spent in this place.
 B = Non-inter-level travel time spent in this place.
 C = Inter-level travel time spent in this place.
 D = Time resting spent in this place.
 E = Time spent auto-exploring this place.
 F = Levels seen in this place.
 G = Mean time per level.
                   A        B        C        D        E       F      G
               +--------+--------+--------+--------+--------+-----+--------+
         Total |   2376 |    335 |   2041 |      0 |      0 |   3 |  792.0 |
       Dungeon |   2376 |    335 |   2041 |      0 |      0 |   3 |  792.0 |
               +--------+--------+--------+--------+--------+-----+--------+

Top non-repeatable levels by time:
     D:1: 1464 daAuts
     D:2: 847 daAuts
     D:4: 63 daAuts
